 Dungeon Crawl Stone Soup version 0.27.1-35-g4d5d836560 (webtiles) character file.

Game seed: 15925635438337009121

110 Delamore the Sneak (level 4, 0/29 HPs)
             Began as an Octopode Brigand on May 1, 2022.
             Succumbed to a water moccasin's poison
             ... on level 3 of the Dungeon.
             The game lasted 00:02:29 (1930 turns).

Delamore the Sneak (Octopode Brigand)               Turns: 1930, Time: 00:02:29

Health: 0/29       AC:  1    Str: 10    XL:     4   Next: 91%
Magic:  4/4        EV: 12    Int: 13    God:
Gold:   67         SH:  0    Dex: 14    Spells: 3/3 levels left

rFire    . . .     SeeInvis .   a - +2 dagger
rCold    . . .     Faith    .   (no shield)
rNeg     . . .     Spirit   .   (helmet restricted)
rPois    .         Reflect  .   (no amulet)
rElec    .         Harm     .   (no ring)
rCorr    .         Rampage  .   (no ring)
Will     .....                  (no ring)
Stlth    ++++......             (no ring)
HPRegen  0.09/turn              (no ring)
MPRegen  0.09/turn              (no ring)
                                (no ring)
                                (no ring)

@: mighty, lethally poisoned (0 -> -11), flying, hasted, very quick
A: almost no armour, amphibious, 8 rings, camouflage 1, gelatinous body 1,
(nimble swimmer 1), tentacles
a: no special abilities


You were on level 3 of the Dungeon.
You visited 1 branch of the dungeon, and saw 3 of its levels.

You collected 67 gold pieces.

Inventory:

Hand Weapons
 a - a +2 dagger (weapon)
Missiles
 b - 8 poisoned darts (quivered)
 d - 85 stones
Scrolls
 f - a scroll of fog
 h - a scroll of blinking {unknown}
 i - a scroll of vulnerability {unknown}
Potions
 g - a potion of might


   Skills:
 - Level 2.0 Fighting
 * Level 4.2 Short Blades
 + Level 2.3 Throwing
 - Level 1.0 Dodging
 - Level 6.2 Stealth


You had 3 spell levels left.
You didn't know any spells.
Your spell library was empty.

Dungeon Overview and Level Annotations

Branches:
Dungeon (3/15)

Altars:


Innate Abilities, Weirdness & Mutations

You cannot wear most types of armour.
You are amphibious.
You can wear up to eight rings at the same time.
Your skin changes colour to match your surroundings (Stealth+).
Your rubbery body absorbs attacks. (AC +1, EV +1)
((You are camouflaged near water. (Stealth+)))
You have tentacles for arms and can constrict up to eight enemies at once.


Message History

Throw: 2 darts (curare)
Press: ? - help, Q - select action, (/) - cycle Shift-Dir - straight line, f/p - water moccasin
Aim: a water moccasin (lightly wounded, 42% to hit)
You throw a curare-tipped dart.
The curare-tipped dart hits the water moccasin.
The water moccasin is lightly wounded.
Throw: dart (curare)
Press: ? - help, Q - select action, (/) - cycle Shift-Dir - straight line, f/p - water moccasin
Aim: a water moccasin (lightly wounded, 42% to hit)
You throw a curare-tipped dart.
The curare-tipped dart hits the water moccasin.
The water moccasin is lightly wounded.
Okay, then.
The water moccasin bites you.
You are poisoned.
The water moccasin poisons you!
You feel very sick.
You feel very sick. The water moccasin closely misses you.
As you read the scroll of teleportation, it crumbles to dust.
You feel strangely unstable.
You feel sick. The water moccasin barely misses you.
You feel sick.
You feel sick. The water moccasin bites you!
* * * LOW HITPOINT WARNING * * *
You are lethally poisoned!
The water moccasin poisons you!
It was a potion of might.
You feel very mighty all of a sudden.
* * * LOW HITPOINT WARNING * * *
You feel very sick. The water moccasin barely misses you.
It was a potion of flight.
You feel very buoyant.
You fly up into the air.
Your surroundings suddenly seem different.
* * * LOW HITPOINT WARNING * * *
You feel very sick.
It was a potion of haste.
You feel yourself speed up.
You die...

....##♣ ..≈≈≈..
....... .≈≈≈≈≈.
....... .≈≈♣≈≈.
....... .≈≈≈≈≈.
....... ..≈≈≈..
.......#.......
..............#
.......@....#
............#
............#
+############


There were no monsters in sight!

Vanquished Creatures
  A gnoll (D:1)
  5 adders (D:2)
  2 worms (D:2)
  A dart slug (D:1)
  5 ball pythons
  3 bats
  3 endoplasms (D:1)
  2 giant cockroaches
  9 goblins
  4 hobgoblins
  A quokka (D:2)
  4 kobolds
  7 rats
47 creatures vanquished.

Notes
Turn   | Place    | Note
-------+----------+-------------------------------------------
     0 | D:1      | Delamore the Octopode Brigand began the quest for the Orb.
     0 | D:1      | Reached XP level 1. HP: 14/14 MP: 1/1
   403 | D:1      | Reached XP level 2. HP: 19/19 MP: 2/2
   435 | D:1      | Found a faded altar of an unknown god.
   478 | D:1      | Reached XP level 3. HP: 24/24 MP: 3/3
  1271 | D:2      | Reached skill level 6 in Stealth
  1406 | D:2      | Reached XP level 4. HP: 27/29 MP: 4/4
  1915 | D:3      | Noticed a water moccasin
  1930 | D:3      | Succumbed to a water moccasin's poison

Illustrated notes

Levels and vault maps discovered:
D:1:      shiori_arrival_oz, layout_basic, hellmonk_ecumenical_altar_arch_garden
D:2:      layout_loops_ring, minmay_hexomino_f4
D:3:      layout_basic, elyvilon_altar_3,
          chequers_temple_overflow_statue_of_worship,
          nicolae_hepliaklqana_monster_ancestors, serial_shops,
          nicolae_shop_crystal, kennysheep_generic_room_3, uniq_robin

Skill      XL: |  1  2  3  4 |
---------------+-------------+-----
Short Blades   | 3 4 |  4.2
Stealth        | 6 |  6.2
Fighting       | |  2.0
Throwing       | |  2.3
Dodging        | |  1.0

Action                   |  1- 3 |  4- 6 || total
-------------------------+-------+-------++-------
Melee: Dagger            |    52 |    20 ||    72
       Constrict         |     7 |     6 ||    13
       Tentacles         |     7 |     4 ||    11
Throw: Stone             |       |    26 ||    26
       Dart              |       |     2 ||     2
  Use: Scroll            |     2 |     1 ||     3
       Potion            |       |     3 ||     3
 Stab: Sleeping          |    19 |     6 ||    25
Armor: Skin              |     2 |     2 ||     4
Dodge: Dodged            |    14 |    11 ||    25
